 Dungeon Crawl Stone Soup version 0.28-a0-206-gc2c9e32840 (webtiles) character file.

Game seed: 3411617248904609251

1169 frimble the Cutter (level 8, -14/70 HPs)
             Began as a Minotaur Earth Elementalist on Aug 21, 2021.
             Killed from afar by Maggie (27 damage)
             ... with a bolt of fire
             ... on level 6 of the Dungeon.
             The game lasted 00:06:31 (6615 turns).

frimble the Cutter (Minotaur Earth Elementalist)    Turns: 6615, Time: 00:06:31

Health: -14/70     AC:  3    Str: 13    XL:     8   Next: 17%
Magic:  9/9        EV: 12    Int: 13    God:
Gold:   302        SH:  0    Dex: 12    Spells: 8/9 levels left

rFire   . . .      SeeInvis .   a - +2 short sword (venom)
rCold   . . .      Faith    .   (no shield)
rNeg    . . .      Spirit   .   b - +0 robe
rPois   .          Reflect  .   (helmet restricted)
rElec   .          Harm     .   (no cloak)
rCorr   +          Rampage  .   l - +0 pair of gloves
Will    .....                   (no boots)
Stlth   ++........              s - amulet of regeneration
HPRegen 0.21/turn               k - ring of resist corrosion
MPRegen 0.11/turn               (no ring)

@: no status effects
A: horns 2, retaliatory headbutt
a: no special abilities


You were on level 6 of the Dungeon.
You visited 1 branch of the dungeon, and saw 6 of its levels.

You collected 322 gold pieces.
You spent 20 gold pieces at shops.

Inventory:

Hand Weapons
 a - a +2 short sword of venom (weapon)
 o - a +0 falchion
Missiles
 c - 165 stones (quivered)
 e - 6 javelins
Armour
 b - a +0 robe (worn)
 g - a +0 kite shield
 l - a +0 pair of gloves (worn)
Jewellery
 k - a ring of resist corrosion (left hand)
 s - an amulet of regeneration (around neck)
Wands
 p - a wand of iceblast (1)
 r - a wand of flame (8)
Scrolls
 d - a scroll of enchant weapon
 j - 4 scrolls of teleportation
Potions
 f - 2 potions of brilliance
 h - a potion of flight {unknown}
 i - 3 potions of curing
 m - a potion of mutation {unknown}
 n - a potion of heal wounds {unknown}
 q - 2 potions of resistance {unknown}
 t - 2 potions of lignification {unknown}
 u - a potion of magic {unknown}
 v - a potion of haste {unknown}
 w - a potion of might


   Skills:
 + Level 6.2 Fighting
 + Level 7.4 Short Blades
 + Level 1.5 Throwing
 - Level 2.1 Dodging
 - Level 1.5 Stealth
 - Level 1.3 Spellcasting
 - Level 0.7 Transmutations
 - Level 2.4 Earth Magic
 - Level 3.1 Evocations


You had 8 spell levels left.
You knew the following spells:

 Your Spells              Type           Power      Damage    Failure   Level
a - Sandblast             Erth           14%        2d6       10%         1

Your spell library contained the following spells:

 Spells                   Type           Power      Damage    Failure   Level
 Beastly Appendage        Tmut           4%         N/A       21%         1
 Passwall                 Tmut/Erth      4%         N/A       22%         2
 Summon Small Mammal      Summ           0%         N/A       26%         1
 Wereblood                Tmut           2%         N/A       30%         2
 Stone Arrow              Conj/Erth      8%         3d7       45%         3
 Spider Form              Tmut/Pois      0%         N/A       56%         3
 Call Canine Familiar     Summ           0%         N/A       63%         3
 Summon Guardian Golem    Hex/Summ       0%         N/A       63%         3
 Petrify                  Tmut/Erth      5%         N/A       80%         4


Dungeon Overview and Level Annotations

Branches:
Dungeon (6/15)
 Temple: D:4-7

Altars:

Shops:
D:2 *

Annotations:
D:6 Maggie


Innate Abilities, Weirdness & Mutations

You have a pair of horns on your head.
You reflexively headbutt those who attack you in melee.


Message History

Maggie casts a spell.
Maggie attempts to bespell you!
You are mesmerised by Maggie!
You cannot move away from Maggie!
Aiming: Iceblast
Press: ? - help, Shift-Dir - straight line, f - Maggie
Aim: Maggie, wielding a +1 war axe of flaming, wearing +0 steam dragon scales, wearing a +0 kite shield and carrying a wand of polymorph (6) (mesmerising)
The mass of ice explodes!
The iceblast engulfs Maggie!
Maggie is moderately wounded.
You hear a loud, deep croak!
You hear a shout! x2
You are no longer entranced.
Aiming: Iceblast
Press: ? - help, Shift-Dir - straight line, f - you
Okay, then.
A bullfrog comes into view.
Maggie casts a spell at you. The bolt of fire hits you!!
* * * LOW HITPOINT WARNING * * *
Aiming: Iceblast
Press: ? - help, Shift-Dir - straight line, f/p - Maggie
Aim: Maggie, wielding a +1 war axe of flaming, wearing +0 steam dragon scales, wearing a +0 kite shield and carrying a wand of polymorph (6) (lightly wounded)
The mass of ice explodes!
The iceblast engulfs Maggie!
Maggie is moderately wounded.
Aiming: Iceblast
Press: ? - help, Shift-Dir - straight line, f/p - Maggie
Aim: Maggie, wielding a +1 war axe of flaming, wearing +0 steam dragon scales, wearing a +0 kite shield and carrying a wand of polymorph (6) (moderately wounded)
The mass of ice explodes!
The iceblast engulfs Maggie!!
Maggie is severely wounded.
You hear a shout!
Aiming: Iceblast
Press: ? - help, Shift-Dir - straight line, f/p - Maggie
Aim: Maggie, wielding a +1 war axe of flaming, wearing +0 steam dragon scales, wearing a +0 kite shield and carrying a wand of polymorph (6) (severely wounded)
The mass of ice explodes!
The iceblast engulfs Maggie!
Maggie is almost dead.
You hear a bark!
The bullfrog hits you.
* * * LOW HITPOINT WARNING * * *
Maggie points at you and mumbles some strange words.
The bolt of fire hits you!!
You die...

......##...#......
................#
................#
#####..........#.####
.......##........(...
........#@#..........
..........#..........
..........F........[.
.........@#..........
..............##.....
.....................
..........#..........
..........#.#........
#............#......
###................
####.....[..#....
#........######


You could see Maggie and a bullfrog.

Vanquished Creatures
  A black bear (D:5)
  3 ogres
  A necrophage (D:5)
  Blork the orc (D:6)
  2 phantoms (D:5)
  A bullfrog (D:5)
  A scorpion (D:4)
  2 hounds
  An orc priest (D:4)
  A jelly (D:5)
  Jessica (D:2)
  Terence (D:3)
  3 orc wizards
  A killer bee zombie (D:5)
  Robin (D:2)
  3 adders
  A shadow imp (D:6)
  3 white imps
  An adder skeleton (D:4)
  A worm (D:4)
  2 dart slugs
  9 orcs
  3 bats
  5 endoplasms
  2 giant cockroaches
  13 goblins
  5 hobgoblins
  3 jackals (D:5)
  3 kobolds
  A quokka (D:3)
  6 ball pythons
  4 frilled lizards
  4 rats
90 creatures vanquished.

Vanquished Creatures (others)
  7 fungi (D:2)
  4 toadstools (D:2)
11 creatures vanquished.

Grand Total: 101 creatures vanquished

Notes
Turn   | Place    | Note
-------+----------+-------------------------------------------
     0 | D:1      | frimble the Minotaur Earth Elementalist began the quest for
                  | the Orb.
     0 | D:1      | Reached XP level 1. HP: 14/14 MP: 1/1
    63 | D:1      | Reached skill level 1 in Short Blades
   154 | D:1      | Reached XP level 2. HP: 17/20 MP: 3/3
   221 | D:1      | You fall into a shaft and drop 1 floor!
   221 | D:2      | Found Mull's General Store.
   319 | D:2      | Bought a scroll of identify for 20 gold pieces
   377 | D:2      | Reached skill level 2 in Short Blades
   377 | D:2      | Noticed Robin
   382 | D:2      | Killed Robin
   648 | D:1      | Reached XP level 3. HP: 9/26 MP: 4/4
   649 | D:1      | Reached skill level 3 in Short Blades
  1223 | D:1      | Found a faded altar of an unknown god.
  2020 | D:2      | Noticed Jessica
  2026 | D:2      | Killed Jessica
  2027 | D:2      | Reached skill level 4 in Short Blades
  2027 | D:2      | Reached XP level 4. HP: 33/33 MP: 5/5
  2551 | D:3      | Reached skill level 1 in Fighting
  2769 | D:3      | Noticed Terence
  2790 | D:3      | Killed Terence
  2791 | D:3      | Reached skill level 5 in Short Blades
  2791 | D:3      | Reached XP level 5. HP: 35/41 MP: 3/6
  3677 | D:3      | Reached XP level 6. HP: 18/51 MP: 7/7
  4428 | D:4      | Reached skill level 6 in Short Blades
  4428 | D:4      | Reached skill level 1 in Evocations
  4670 | D:4      | You fall into a shaft and drop 1 floor!
  4670 | D:5      | Entered Level 5 of the Dungeon
  4684 | D:5      | Reached XP level 7. HP: 48/60 MP: 8/8
  5151 | D:5      | Reached skill level 5 in Fighting
  5612 | D:5      | Reached skill level 7 in Short Blades
  6054 | D:6      | Noticed Maggie
  6054 | D:6      | Noticed Blork the orc
  6197 | D:5      | Reached XP level 8. HP: 60/70 MP: 9/9
  6205 | D:5      | Reached skill level 1 in Throwing
  6303 | D:6      | Killed Blork the orc
  6615 | D:6      | Killed from afar by Maggie

Illustrated notes

Levels and vault maps discovered:
D:1:      dpeg_arrival_arbitrary_a, layout_basic,
          shapermc_ecumenical_altar_petra
D:2:      layout_basic, serial_shops, nicolae_diamond_shop,
          minmay_gold_behind_fungi, uniq_jessica, uniq_robin
D:3:      layout_basic, uniq_terence
D:4:      layout_rooms
D:5:      layout_basic
D:6:      minmay_chambers_of_threes, layout_rooms,
          minmay_temple_entry_from_below_a, uniq_maggie, uniq_blork_the_orc

Skill      XL: |  1  2  3  4  5  6  7  8 |
---------------+-------------------------+-----
Short Blades   | 1 2 4 5 6 7 |  7.4
Fighting       | 1 3 4 5 6 |  6.2
Evocations     | 1 3 |  3.1
Throwing       | 1 |  1.5
Dodging        | |  2.1
Stealth        | |  1.5
Spellcasting   | |  1.3
Transmutations | |  0.7
Earth Magic    | |  2.4

Action                   |  1- 3 |  4- 6 |  7- 9 || total
-------------------------+-------+-------+-------++-------
Melee: Short sword       |    72 |   106 |    84 ||   262
       Unarmed           |     2 |       |       ||     2
       Headbutt          |    10 |    15 |     8 ||    33
Throw: Stone             |       |     4 |     5 ||     9
 Cast: Sandblast         |       |     3 |       ||     3
Evoke: Wand              |       |     1 |     8 ||     9
  Use: Scroll            |     2 |       |     4 ||     6
 Stab: Sleeping          |     2 |     4 |       ||     6
Armor: Robe              |    12 |    27 |    11 ||    50
Dodge: Dodged            |    40 |    54 |    46 ||   140

Table legend: (Time is in decaauts)
 A = Elapsed time spent in this place.
 B = Non-inter-level travel time spent in this place.
 C = Inter-level travel time spent in this place.
 D = Time resting spent in this place.
 E = Time spent auto-exploring this place.
 F = Levels seen in this place.
 G = Mean time per level.
                   A        B        C        D        E       F      G
               +--------+--------+--------+--------+--------+-----+--------+
         Total |   6585 |   6075 |    510 |    337 |   5002 |   6 | 1097.5 |
       Dungeon |   6585 |   6075 |    510 |    337 |   5002 |   6 | 1097.5 |
               +--------+--------+--------+--------+--------+-----+--------+

Top non-repeatable levels by time:
     D:5: 1634 daAuts
     D:3: 1616 daAuts
     D:1: 1469 daAuts
     D:2: 954 daAuts
     D:4: 618 daAuts
     D:6: 292 daAuts
